[Event "EYTCC U12 Open 2019"]
[Site "Pardubice"]
[Date "2019.07.15"]
[Round "5.11"]
[White "Uritsky, Yonathan"]
[Black "Portakalci, Yusuf"]
[Result "0-1"]
[ECO "C05"]
[WhiteElo "2040"]
[BlackElo "1764"]
[Annotator "NA"]
[PlyCount "106"]
[EventDate "2019.07.11"]
[EventType "swiss"]
[EventCountry "CZE"]
[SourceTitle "playchess.com"]
[Source "ChessBase"]
[SourceQuality "1"]
[WhiteTeam "Israel"]
[BlackTeam "Turkey"]
[WhiteTeamCountry "ISR"]
[BlackTeamCountry "TUR"]
[TimeControl "40/5400+30:1800+30"]

1. e4 e6 2. d4 d5 3. Nd2 Nf6 4. e5 Nfd7 5. Bd3 c5 6. c3 Nc6 7. Ngf3 cxd4 8. cxd4 f6 9. exf6 Nxf6 10. O-O Bd6 11. Re1 O-O 12. Nf1 Qc7 13. Bg5 Bd7 14. Rc1 Bf4 15. Rc3 Bxg5 16. Nxg5 Qf4 17. Nf3 Ne4 18. Rc1 Be8 19. Ng3 Bg6 20. Qe2 Nxg3 21. hxg3 Bxd3 22. Qxd3 Qf6 23. Re2 Rae8 24. Rce1 h6 25. a3 Rf7 26. b4 a6 27. Qd2 Rfe7 28. a4 Na7 29. Qb2 Nc8 30. Ne5 Nd6 31. f3 Rc7 32. Rc1 Rec8 33. Rec2 Nc4 34. Qa2 b5 35. axb5 axb5 36. Qa6 Rb8 37. f4 Rb6 38. Qa8+ Kh7 39. Ra2 Qe7 40. Nd3 Qf6 41. Ne5 Qe7 42. Nd3 Rcb7 43. Re1 Qf6 44. Ne5 Nxe5 45. Rxe5 Qg6 46. Qa3 Rc7 47. f5 exf5 48. Qd3 Rc1+ 49. Kf2 Rbc6 50. Qf3 f4 51. gxf4 Qb1 52. Qxd5 Rf1+ 53. Kg3 Rg6+ 0-1

[Event "EYTCC U12 Open 2019"]
[Site "Pardubice"]
[Date "2019.07.15"]
[Round "5.12"]
[White "Durak, Can"]
[Black "Tsirilman, Guy"]
[Result "0-1"]
[ECO "E61"]
[WhiteElo "1753"]
[BlackElo "1792"]
[Annotator "NA"]
[PlyCount "92"]
[EventDate "2019.07.11"]
[EventType "swiss"]
[EventCountry "CZE"]
[SourceTitle "playchess.com"]
[Source "ChessBase"]
[SourceQuality "1"]
[WhiteTeam "Turkey"]
[BlackTeam "Israel"]
[WhiteTeamCountry "TUR"]
[BlackTeamCountry "ISR"]
[TimeControl "40/5400+30:1800+30"]

1. d4 Nf6 2. c4 g6 3. Nc3 Bg7 4. Nf3 d6 5. Bg5 O-O 6. e3 c5 7. Be2 cxd4 8. exd4 h6 9. Bh4 Nh5 10. Bg3 f5 11. Nh4 Nxg3 12. hxg3 g5 13. Nf3 g4 14. Nh4 Nc6 15. Ng6 Rf7 16. d5 Nd4 17. Nf4 Qb6 18. Qd2 Bd7 19. Nh5 Be5 20. Rb1 Rh7 21. Bd3 Rf8 22. Nf4 Be8 23. Ne6 Rf6 24. O-O h5 25. Nxd4 Bxd4 26. Ne2 Be5 27. Qe3 h4 28. gxh4 Qxe3 29. fxe3 Rxh4 30. Rxf5 Bh2+ 31. Kf2 Bg6 32. Rxf6 Bxd3 33. Re6 Bxb1 34. Rxe7 Be5 35. c5 Rh7 36. Re8+ Kf7 37. Rb8 Kg6 38. b4 Rf7+ 39. Ke1 dxc5 40. Rg8+ Rg7 41. Re8 Kf5 42. bxc5 Bxa2 43. d6 Bd5 44. e4+ Bxe4 45. Re7 Rxe7 46. dxe7 Bc6 0-1

[Event "EYTCC U12 Open 2019"]
[Site "Pardubice"]
[Date "2019.07.15"]
[Round "5.13"]
[White "Nemec, Jachym"]
[Black "Smolik, Jachym"]
[Result "1-0"]
[ECO "B40"]
[WhiteElo "1927"]
[BlackElo "1757"]
[Annotator "NA"]
[PlyCount "68"]
[EventDate "2019.07.11"]
[EventType "swiss"]
[EventCountry "CZE"]
[SourceTitle "playchess.com"]
[Source "ChessBase"]
[SourceQuality "1"]
[WhiteTeam "Czech Republic"]
[BlackTeam "Czech Republic"]
[WhiteTeamCountry "CZE"]
[BlackTeamCountry "CZE"]
[TimeControl "40/5400+30:1800+30"]

1. e4 c5 2. Nf3 e6 3. d4 cxd4 4. Nxd4 Nf6 5. Bd3 a6 6. O-O Qc7 7. c4 b6 8. Nc3 Bb7 9. Nc2 d6 10. Be3 Nbd7 11. Qe2 Rc8 12. f4 Nc5 13. Bxc5 Qxc5+ 14. Kh1 Nd7 15. Rae1 Be7 16. Nd5 Bxd5 17. exd5 e5 18. Ne3 g6 19. f5 Qd4 20. Bb1 Bg5 21. fxg6 hxg6 22. Qf3 Kd8 23. Bf5 gxf5 24. Nxf5 Qc5 25. a3 Kc7 26. Qg4 Bd2 27. b4 Bxb4 28. axb4 Qxb4 29. Rb1 Qc5 30. Ng7 Qe3 31. Rxf7 Kb8 32. Rxd7 e4 33. Nf5 Qf2 34. Qg3 Qc5 1-0

[Event "EYTCC U12 Open 2019"]
[Site "Pardubice"]
[Date "2019.07.15"]
[Round "5.14"]
[White "Lang, Simon"]
[Black "Brozka, Karel"]
[Result "0-1"]
[ECO "B13"]
[WhiteElo "1506"]
[BlackElo "1816"]
[Annotator "NA"]
[PlyCount "94"]
[EventDate "2019.07.11"]
[EventType "swiss"]
[EventCountry "CZE"]
[SourceTitle "playchess.com"]
[Source "ChessBase"]
[SourceQuality "1"]
[WhiteTeam "Czech Republic"]
[BlackTeam "Czech Republic"]
[WhiteTeamCountry "CZE"]
[BlackTeamCountry "CZE"]
[TimeControl "40/5400+30:1800+30"]

1. e4 c6 2. d4 d5 3. exd5 cxd5 4. c4 Nf6 5. Nc3 Nc6 6. c5 Bg4 7. f3 Bf5 8. Bb5 e6 9. Nge2 Be7 10. Bf4 O-O 11. O-O Rc8 12. a3 Ne8 13. b4 Bg5 14. Bg3 h5 15. Bxc6 bxc6 16. Qb3 h4 17. Bf2 Bd3 18. Rfd1 Bc4 19. Qb2 Qf6 20. a4 a6 21. Rab1 Nc7 22. Nc1 Rb8 23. Nd3 Bxd3 24. Rxd3 Qf5 25. Qe2 Rb7 26. Na2 Re8 27. Rdb3 e5 28. Qb2 e4 29. Qc2 Qf6 30. Re1 e3 31. Bxe3 Bxe3+ 32. Rbxe3 Rxe3 33. Rxe3 Qxd4 34. Qf2 Ne6 35. Re1 Qc4 36. Qd2 Qb3 37. a5 Qc4 38. Qf2 Kf8 39. Rc1 Qf4 40. Qe2 Rxb4 41. Qxa6 Rb2 42. Qa8+ Ke7 43. Qa7+ Kf6 44. Qa6 Rxa2 45. Qf1 Rxa5 46. Qe1 Ra3 47. Rc3 Qd4+ 0-1

[Event "EYTCC U12 Open 2019"]
[Site "Pardubice"]
[Date "2019.07.15"]
[Round "5.15"]
[White "Janous, Marek"]
[Black "Juhanak, Daniel"]
[Result "1/2-1/2"]
[ECO "C02"]
[WhiteElo "1717"]
[BlackElo "1510"]
[Annotator "NA"]
[PlyCount "94"]
[EventDate "2019.07.11"]
[EventType "swiss"]
[EventCountry "CZE"]
[SourceTitle "playchess.com"]
[Source "ChessBase"]
[SourceQuality "1"]
[WhiteTeam "Czech Republic"]
[BlackTeam "Czech Republic"]
[WhiteTeamCountry "CZE"]
[BlackTeamCountry "CZE"]
[TimeControl "40/5400+30:1800+30"]

1. e4 e6 2. d4 d5 3. e5 c5 4. c3 Nc6 5. Nf3 Bd7 6. Be2 Qb6 7. O-O Nge7 8. dxc5 Qxc5 9. Be3 Qa5 10. Nbd2 Ng6 11. Bd4 Qc7 12. Re1 Ngxe5 13. Nxe5 Nxe5 14. Bxe5 Qxe5 15. Bf3 Qd6 16. c4 Bc6 17. Rc1 Be7 18. cxd5 Bxd5 19. Nc4 Bxc4 20. Rxc4 O-O 21. Qxd6 Bxd6 22. Rd1 Rfd8 23. Rcd4 Be7 24. Rxd8+ Rxd8 25. Rxd8+ Bxd8 26. Bxb7 Bb6 27. Kf1 Kf8 28. Ke2 Ke7 29. f4 Bc7 30. Kf3 e5 31. g3 exf4 32. gxf4 Ke6 33. Be4 h6 34. h3 f5 35. Bd3 g5 36. fxg5 hxg5 37. b3 a5 38. a4 Ke5 39. Be2 Kd4 40. Bc4 Ke5 41. Be2 Kf6 42. Bc4 Kg6 43. Bd3 Kf6 44. Be2 Kg6 45. Bd3 Kf6 46. Be2 Ke5 47. Bf1 Kf6 1/2-1/2

[Event "EYTCC U12 Open 2019"]
[Site "Pardubice"]
[Date "2019.07.15"]
[Round "5.16"]
[White "Buchta, Bartolomej"]
[Black "Werner, Hong Quan Dan"]
[Result "1/2-1/2"]
[ECO "C63"]
[WhiteElo "1585"]
[BlackElo "1734"]
[Annotator "NA"]
[PlyCount "101"]
[EventDate "2019.07.11"]
[EventType "swiss"]
[EventCountry "CZE"]
[SourceTitle "playchess.com"]
[Source "ChessBase"]
[SourceQuality "1"]
[WhiteTeam "Czech Republic"]
[BlackTeam "Czech Republic"]
[WhiteTeamCountry "CZE"]
[BlackTeamCountry "CZE"]
[TimeControl "40/5400+30:1800+30"]

1. e4 e5 2. Nf3 Nc6 3. Bb5 f5 4. Nc3 fxe4 5. Nxe4 Nf6 6. Nxf6+ Qxf6 7. d3 d6 8. c3 Be7 9. d4 exd4 10. Nxd4 O-O 11. Be3 Nxd4 12. Bxd4 Qg5 13. Qb3+ Kh8 14. Be3 Qxg2 15. O-O-O Bg5 16. Qc4 Rxf2 17. Bxg5 Qxg5+ 18. Kb1 Bf5+ 19. Ka1 a6 20. Ba4 Rf4 21. Qb3 b5 22. Qd5 c6 23. Qxc6 Be4 24. Qxd6 Bxh1 25. Bc2 Raf8 26. Bb1 Bf3 27. Re1 Qf6 28. Re6 Qd8 29. Qxa6 R4f6 30. Rxf6 Rxf6 31. Qxb5 Rf8 32. a4 Qb8 33. Qc5 Qc8 34. Qb5 Bc6 35. Qd3 g6 36. Qd4+ Kg8 37. Ba2+ Rf7 38. a5 Qd7 39. Bxf7+ Kxf7 40. Qf4+ Ke8 41. Qb8+ Qd8 42. Qe5+ Kd7 43. b4 Qf8 44. Qd4+ Qd6 45. Qa7+ Qc7 46. Qf2 Bb5 47. Qd2+ Qd6 48. Qh6 Qd1+ 49. Kb2 Qe2+ 50. Ka3 Qc2 51. Qxh7+ 1/2-1/2

[Event "EYTCC U12 Open 2019"]
[Site "Pardubice"]
[Date "2019.07.15"]
[Round "5.17"]
[White "Day, Tobias"]
[Black "Dias, Savin"]
[Result "1-0"]
[ECO "B32"]
[WhiteElo "1826"]
[BlackElo "1840"]
[Annotator "NA"]
[PlyCount "174"]
[EventDate "2019.07.11"]
[EventType "swiss"]
[EventCountry "CZE"]
[SourceTitle "playchess.com"]
[Source "ChessBase"]
[SourceQuality "1"]
[WhiteTeam "Czech Republic"]
[BlackTeam "England"]
[WhiteTeamCountry "CZE"]
[BlackTeamCountry "ENG"]
[TimeControl "40/5400+30:1800+30"]

1. e4 c5 2. Nf3 Nc6 3. d4 cxd4 4. Nxd4 g6 5. Be3 Bg7 6. Qd2 Nf6 7. Nc3 O-O 8. Be2 d5 9. Nxc6 bxc6 10. exd5 Nxd5 11. Nxd5 cxd5 12. c3 Qa5 13. h4 Rb8 14. O-O d4 15. Bxd4 Rd8 16. Qe3 Bxd4 17. cxd4 Rxb2 18. Bc4 e6 19. Rfd1 Rb6 20. Bb3 Bb7 21. Rac1 Rbd6 22. Rd3 Bd5 23. Rc5 Qa6 24. Bxd5 Rxd5 25. Ra3 Qb7 26. Rc4 a5 27. Kh2 Rh5 28. g3 Rhd5 29. Raa4 Qb2 30. Kg2 Rf5 31. g4 Qb7+ 32. f3 Rb5 33. Rc2 Rc8 34. Rxc8+ Qxc8 35. Qe2 Qb7 36. Rc4 Qb6 37. Kg3 Qd6+ 38. Kh3 Rb1 39. Rc8+ Kg7 40. Qe5+ Qxe5 41. dxe5 Rb2 42. a4 Rb4 43. Kg3 Rxa4 44. f4 Ra3+ 45. Kg2 a4 46. Rc7 Ra2+ 47. Kf3 Ra1 48. Ra7 a3 49. Kg2 a2 50. g5 Kf8 51. Ra3 Ke7 52. Ra7+ Ke8 53. Ra3 Kd7 54. Rd3+ Kc6 55. Ra3 Kc5 56. Ra8 Kd4 57. Ra4+ Ke3 58. Kh2 Kf3 59. Ra3+ Kxf4 60. Ra5 Kf5 61. Kg2 Ke4 62. Kh2 Kd4 63. Kg2 Kc4 64. Ra8 Kb5 65. Rb8+ Kc5 66. Ra8 Kd5 67. Ra5+ Ke4 68. Kh2 Kf4 69. Kg2 Kg4 70. Ra4+ Kh5 71. Kh2 h6 72. gxh6 Kxh6 73. Kg2 g5 74. hxg5+ Kxg5 75. Kh2 f6 76. exf6 Kxf6 77. Kg2 e5 78. Ra6+ Kf5 79. Ra8 e4 80. Rf8+ Ke5 81. Re8+ Kd4 82. Rd8+ Kc5 83. Rc8+ Kd6 84. Rd8+ Ke7 85. Ra8 e3 86. Ra3 Kd6 87. Rxe3 Rd1 1-0

[Event "EYTCC U12 Open 2019"]
[Site "Pardubice"]
[Date "2019.07.15"]
[Round "5.18"]
[White "Merriman, James"]
[Black "Hladky, Tadeas"]
[Result "1/2-1/2"]
[ECO "D92"]
[WhiteElo "1808"]
[BlackElo "1638"]
[Annotator "NA"]
[PlyCount "158"]
[EventDate "2019.07.11"]
[EventType "swiss"]
[EventCountry "CZE"]
[SourceTitle "playchess.com"]
[Source "ChessBase"]
[SourceQuality "1"]
[WhiteTeam "England"]
[BlackTeam "Czech Republic"]
[WhiteTeamCountry "ENG"]
[BlackTeamCountry "CZE"]
[TimeControl "40/5400+30:1800+30"]

1. d4 Nf6 2. c4 g6 3. Nc3 d5 4. Nf3 Bg7 5. Bf4 dxc4 6. e3 Be6 7. Ng5 Bd5 8. e4 h6 9. exd5 hxg5 10. Bxg5 Nxd5 11. Bxc4 Nb6 12. Bb3 O-O 13. O-O Nc6 14. d5 Nd4 15. Re1 Re8 16. h4 Nxb3 17. Qxb3 Bxc3 18. bxc3 Qxd5 19. Qc2 e6 20. Re3 Qf5 21. Qe2 e5 22. Rg3 Re6 23. h5 Nd5 24. Qb5 Nxc3 25. Rxc3 Rb6 26. Qd5 Qxg5 27. hxg6 Rxg6 28. Qxb7 Rd8 29. Rg3 Qh5 30. Rxg6+ fxg6 31. Qb3+ Kg7 32. Rc1 Rd7 33. Qa4 Qf5 34. Qxa7 Qg4 35. Qe3 Rd1+ 36. Rxd1 Qxd1+ 37. Kh2 Qh5+ 38. Qh3 Qe2 39. Qd7+ Kh6 40. Qh3+ Kg7 41. Qh4 Qxa2 42. Qe7+ Qf7 43. Qxe5+ Kh7 44. f4 Qg7 45. Qe4 Qf7 46. Kg3 Qd7 47. Kf3 Qd1+ 48. Ke3 Qg1+ 49. Kd3 Qb1+ 50. Kd4 Qb4+ 51. Ke3 Qe1+ 52. Kf3 Qd1+ 53. Kg3 Qd7 54. Kh4 c6 55. g4 Qc7 56. Qc4 Qe7+ 57. Kg3 c5 58. Kf3 Qb7+ 59. Ke3 Qe7+ 60. Qe4 Qd7 61. f5 gxf5 62. gxf5 Qd4+ 63. Qxd4 cxd4+ 64. Kxd4 Kg7 65. Ke5 Kf7 66. Kd5 Kf6 67. Ke4 Kf7 68. Kf4 Kf6 69. Kg4 Kf7 70. Kg5 Kg7 71. f6+ Kf7 72. Kf5 Kf8 73. Ke4 Kf7 74. Ke5 Kf8 75. Ke6 Ke8 76. Kd6 Kf7 77. Ke5 Kf8 78. Kf5 Kf7 79. Kg5 Kf8 1/2-1/2

[Event "EYTCC U12 Open 2019"]
[Site "Pardubice"]
[Date "2019.07.15"]
[Round "5.19"]
[White "Mohapl, Tomas"]
[Black "Thatte, Nishchal"]
[Result "0-1"]
[ECO "C18"]
[WhiteElo "1585"]
[BlackElo "1686"]
[Annotator "NA"]
[PlyCount "62"]
[EventDate "2019.07.11"]
[EventType "swiss"]
[EventCountry "CZE"]
[SourceTitle "playchess.com"]
[Source "ChessBase"]
[SourceQuality "1"]
[WhiteTeam "Czech Republic"]
[BlackTeam "England"]
[WhiteTeamCountry "CZE"]
[BlackTeamCountry "ENG"]
[TimeControl "40/5400+30:1800+30"]

1. e4 e6 2. d4 d5 3. Nc3 Bb4 4. e5 c5 5. a3 Bxc3+ 6. bxc3 Ne7 7. Qg4 cxd4 8. Bd3 Qa5 9. Ne2 Nd7 10. O-O dxc3 11. Qxg7 Rg8 12. Qxh7 Nxe5 13. Bf4 Nxd3 14. Qxd3 Bd7 15. Rfe1 Rc8 16. Qh7 Qa4 17. h4 Rc4 18. Bg3 Rcg4 19. Nxc3 Qd4 20. Qd3 Qc5 21. Kh2 Bc6 22. Red1 d4 23. Ne2 Qd5 24. Rg1 Nf5 25. Qf3 Qxf3 26. gxf3 Bxf3 27. Nf4 Nxh4 28. Nd3 Rh8 29. Nf4 Rxf4 30. Bxh4 Rfxh4+ 31. Kg3 Rh3+ 0-1

[Event "EYTCC U12 Open 2019"]
[Site "Pardubice"]
[Date "2019.07.15"]
[Round "5.20"]
[White "Trivedi, Aarnavh"]
[Black "Bouska, Jiri"]
[Result "1-0"]
[ECO "A40"]
[WhiteElo "1669"]
[BlackElo "1391"]
[Annotator "NA"]
[PlyCount "99"]
[EventDate "2019.07.11"]
[EventType "swiss"]
[EventCountry "CZE"]
[SourceTitle "playchess.com"]
[Source "ChessBase"]
[SourceQuality "1"]
[WhiteTeam "England"]
[BlackTeam "Czech Republic"]
[WhiteTeamCountry "ENG"]
[BlackTeamCountry "CZE"]
[TimeControl "40/5400+30:1800+30"]

1. d4 g6 2. g3 Bg7 3. Bg2 d6 4. c3 Nd7 5. e4 e5 6. Ne2 Ngf6 7. O-O O-O 8. h3 b6 9. Qc2 Bb7 10. Be3 Ne8 11. Nd2 f5 12. dxe5 dxe5 13. f4 Nd6 14. c4 exf4 15. gxf4 Re8 16. e5 Bxg2 17. Kxg2 Nxe5 18. fxe5 Rxe5 19. Rf3 Qe7 20. Qb3 c5 21. Nf4 Re8 22. Nd5 Qd8 23. Bf4 Re2+ 24. Rf2 Rxf2+ 25. Kxf2 Qh4+ 26. Qg3 Bd4+ 27. Kf1 Qh5 28. Re1 Rxe1+ 29. Kxe1 Ne4 30. Nxe4 fxe4 31. Qg4 Qxg4 32. hxg4 h5 33. gxh5 gxh5 34. b3 Kf7 35. Ne3 Kf6 36. Kf2 Be5 37. Nd5+ Kf5 38. Bxe5 Kxe5 39. Ke3 h4 40. Nf4 Kf5 41. a3 Ke5 42. Ng6+ Kd6 43. Nxh4 Kc6 44. Kxe4 Kb7 45. Kd5 Ka6 46. Nf5 Ka5 47. Ne7 Ka6 48. Kc6 Ka5 49. Kb7 a6 50. Nc6# 1-0

[Event "EYTCC U12 Open 2019"]
[Site "Pardubice"]
[Date "2019.07.15"]
[Round "5.21"]
[White "Strybuk, Artsiom I"]
[Black "Herega, Nejc"]
[Result "1-0"]
[ECO "A52"]
[WhiteElo "2193"]
[BlackElo "1939"]
[Annotator "NA"]
[PlyCount "101"]
[EventDate "2019.07.11"]
[EventType "swiss"]
[EventCountry "CZE"]
[SourceTitle "playchess.com"]
[Source "ChessBase"]
[SourceQuality "1"]
[WhiteTeam "Belarus"]
[BlackTeam "Slovenia"]
[WhiteTeamCountry "BLR"]
[BlackTeamCountry "SLO"]
[TimeControl "40/5400+30:1800+30"]

1. d4 Nf6 2. c4 e5 3. dxe5 Ng4 4. Nf3 Bc5 5. e3 Nc6 6. Be2 Ngxe5 7. O-O O-O 8. Nc3 Re8 9. b3 Nxf3+ 10. Bxf3 Ne5 11. Bb2 a5 12. h3 Nxf3+ 13. Qxf3 Ra6 14. Nd5 Rh6 15. Qg3 Rg6 16. Qxc7 Qg5 17. Qh2 Bd6 18. f4 Qf5 19. Kh1 b5 20. Rad1 bxc4 21. bxc4 Ba6 22. Rc1 Bxc4 23. Rxc4 Qxd5 24. Rfc1 h6 25. Bd4 Kh7 26. Qg1 Ba3 27. R1c2 Rc6 28. Qf1 Rxc4 29. Qxc4 Qxc4 30. Rxc4 d5 31. Rc7 Re7 32. Rc8 Bb4 33. Kg1 Rd7 34. Kf2 Bd6 35. Kf3 Kg6 36. Ra8 Bb4 37. Rg8 f6 38. Rc8 h5 39. a4 Kf5 40. Rh8 g6 41. Rg8 h4 42. Rc8 Rd6 43. Rh8 g5 44. fxg5 fxg5 45. Rf8+ Kg6 46. Kg4 Kh7 47. Rh8+ Kg6 48. Rg8+ Kf7 49. Rg7+ Kf8 50. Rxg5 Be1 51. Bc5 1-0

[Event "EYTCC U12 Open 2019"]
[Site "Pardubice"]
[Date "2019.07.15"]
[Round "5.22"]
[White "Skrbec, Leon"]
[Black "Navumenka, Mikhei"]
[Result "1/2-1/2"]
[ECO "A40"]
[WhiteElo "1896"]
[BlackElo "2196"]
[Annotator "ChessBase"]
[PlyCount "75"]
[EventDate "2019.07.11"]
[EventType "swiss"]
[EventCountry "CZE"]
[SourceTitle "playchess.com"]
[Source "ChessBase"]
[SourceQuality "1"]
[WhiteTeam "Slovenia"]
[BlackTeam "Belarus"]
[WhiteTeamCountry "SLO"]
[BlackTeamCountry "BLR"]
[TimeControl "40/5400+30:1800+30"]

1. d4 Nf6 2. c4 e6 3. g3 d5 4. Nf3 Bb4+ 5. Bd2 Be7 6. Bg2 O-O 7. O-O c6 8. Qc2 b6 9. Bf4 Bb7 10. Rd1 Nbd7 11. Ne5 Nh5 12. Bc1 f5 13. Nc3 Nhf6 14. b3 Bd6 15. f4 Qe7 16. Bb2 Rac8 17. Rac1 Kh8 18. cxd5 cxd5 19. Qd3 Ba3 20. Bxa3 Qxa3 21. Nxd7 Nxd7 22. Qe3 Nf6 23. Nb5 Qxa2 24. Ra1 Qb2 25. Rdb1 Ng4 26. Rxb2 Nxe3 27. Nd6 Rc7 28. Bf3 Bc6 29. Rc1 a6 30. Ra2 g5 31. Rxa6 g4 32. Rxb6 gxf3 33. exf3 Ra8 34. Kf2 Bb5 35. Rxc7 Ra2+ 36. Kg1 Ra1+ 37. Kf2 Ra2+ 38. Kg1 1/2-1/2

[Event "EYTCC U12 Open 2019"]
[Site "Pardubice"]
[Date "2019.07.15"]
[Round "5.23"]
[White "Bialiauski, Artsiom"]
[Black "Gregoric, Andraz"]
[Result "1-0"]
[ECO "A46"]
[WhiteElo "1784"]
[BlackElo "1911"]
[Annotator "NA"]
[PlyCount "119"]
[EventDate "2019.07.11"]
[EventType "swiss"]
[EventCountry "CZE"]
[SourceTitle "playchess.com"]
[Source "ChessBase"]
[SourceQuality "1"]
[WhiteTeam "Belarus"]
[BlackTeam "Slovenia"]
[WhiteTeamCountry "BLR"]
[BlackTeamCountry "SLO"]
[TimeControl "40/5400+30:1800+30"]

1. d4 Nf6 2. Nf3 e6 3. Bf4 c5 4. e3 Nc6 5. c3 Qb6 6. Qb3 Nh5 7. Bg5 h6 8. Bh4 g5 9. Bg3 Nxg3 10. hxg3 Qxb3 11. axb3 b6 12. Nxg5 cxd4 13. exd4 Bb7 14. Nf3 a6 15. Nbd2 Bg7 16. Bd3 Ke7 17. O-O b5 18. b4 d6 19. Rfe1 Rag8 20. Be4 Rc8 21. Nb3 Rc7 22. Kf1 Ra8 23. Na5 Nxa5 24. Rxa5 Bxe4 25. Rxe4 Kd7 26. Re1 Kc6 27. Ke2 Kb6 28. Kd3 Rac8 29. Re2 Ra7 30. Ne1 Bf6 31. Nc2 Rac7 32. Re1 Kb7 33. Rh1 Rh8 34. Ne3 Be7 35. Raa1 Rcc8 36. Rh3 Rh7 37. Rah1 Rch8 38. Rh5 d5 39. Ke2 f5 40. f4 Bf8 41. g4 fxg4 42. Nxg4 Rg7 43. Ne3 Rg6 44. Kf3 Bd6 45. g3 Kc6 46. R1h3 Kb6 47. Ng4 Bf8 48. Ne5 Rg7 49. g4 a5 50. Rxh6 Rxh6 51. Rxh6 axb4 52. Rxe6+ Ka5 53. Nc6+ Ka4 54. Nxb4 Bxb4 55. cxb4 Kxb4 56. f5 Kb3 57. f6 Rf7 58. g5 Kxb2 59. g6 Rf8 60. g7 1-0

[Event "EYTCC U12 Open 2019"]
[Site "Pardubice"]
[Date "2019.07.15"]
[Round "5.24"]
[White "Olenik Campa, Rudi"]
[Black "Piatrenka, Ivan"]
[Result "1/2-1/2"]
[ECO "B06"]
[WhiteElo "1854"]
[BlackElo "1498"]
[Annotator "NA"]
[PlyCount "108"]
[EventDate "2019.07.11"]
[EventType "swiss"]
[EventCountry "CZE"]
[SourceTitle "playchess.com"]
[Source "ChessBase"]
[SourceQuality "1"]
[WhiteTeam "Slovenia"]
[BlackTeam "Belarus"]
[WhiteTeamCountry "SLO"]
[BlackTeamCountry "BLR"]
[TimeControl "40/5400+30:1800+30"]

1. e4 d6 2. d4 g6 3. Nc3 Bg7 4. Be3 c6 5. Qd2 b5 6. Bd3 Nf6 7. Bh6 Bxh6 8. Qxh6 e5 9. dxe5 dxe5 10. Nf3 Qe7 11. h3 Nbd7 12. O-O Qf8 13. Qe3 Nh5 14. g3 Qe7 15. Rfe1 h6 16. Bf1 g5 17. Kh2 Ndf6 18. Nd2 Ng7 19. Nb3 Ne6 20. Bg2 h5 21. Rh1 Bd7 22. a4 b4 23. Na2 Rg8 24. c3 bxc3 25. Qxc3 Nd8 26. Nb4 h4 27. Nd3 g4 28. Nxe5 hxg3+ 29. fxg3 gxh3 30. Bf3 Rb8 31. Nc5 Ne6 32. Ncxd7 Nxd7 33. Rhg1 Nxe5 34. Qxe5 Rb3 35. Bd1 Rb4 36. b3 Ng5 37. Qf5 Rb8 38. Rc1 Rg6 39. Rf1 Nxe4 40. Re1 Re6 41. Bf3 Nf6 42. Bxc6+ Kf8 43. Rxe6 Qxe6 44. Qxe6 fxe6 45. Bb5 Ne4 46. Kxh3 Nd6 47. Rc5 Rb7 48. Rh5 Kg7 49. b4 Kg6 50. g4 Rb8 51. Bd3+ Kf6 52. g5+ Ke5 53. g6+ Kf6 54. Rh4 Nf5 1/2-1/2

[Event "EYTCC U12 Open 2019"]
[Site "Pardubice"]
[Date "2019.07.16"]
[Round "6.1"]
[White "Fiszer, Bartosz"]
[Black "Finek, Vaclav"]
[Result "0-1"]
[ECO "C05"]
[WhiteElo "2124"]
[BlackElo "2043"]
[Annotator "NA"]
[PlyCount "80"]
[EventDate "2019.07.11"]
[EventType "swiss"]
[EventCountry "CZE"]
[SourceTitle "playchess.com"]
[Source "ChessBase"]
[SourceQuality "1"]
[WhiteTeam "Poland"]
[BlackTeam "Czech Republic"]
[WhiteTeamCountry "POL"]
[BlackTeamCountry "CZE"]
[TimeControl "40/5400+30:1800+30"]

1. e4 e6 2. d4 d5 3. Nd2 Nf6 4. e5 Nfd7 5. f4 c5 6. c3 Nc6 7. Ndf3 cxd4 8. cxd4 a5 9. Bd3 a4 10. a3 Nb6 11. Ne2 Be7 12. O-O Bd7 13. Kh1 g6 14. g4 h5 15. f5 exf5 16. gxf5 Bxf5 17. Bxf5 gxf5 18. Ng3 Qd7 19. Qd3 O-O-O 20. Bg5 Rdg8 21. h4 f4 22. Nf5 Nc4 23. Rac1 Kb8 24. Bxf4 Ka8 25. Qc2 Na7 26. Bg5 Bxg5 27. Nxg5 Rg6 28. Qf2 f6 29. e6 Qe8 30. Nf7 Rhg8 31. Rfe1 Nc8 32. Qf3 Ne7 33. Nxe7 Qxe7 34. Qxd5 f5 35. Ng5 Rxg5 36. Re2 Rg4 37. Qxf5 Rxh4+ 38. Rh2 Rxh2+ 39. Kxh2 Qh4+ 40. Qh3 Qf4+ 0-1

[Event "EYTCC U12 Open 2019"]
[Site "Pardubice"]
[Date "2019.07.16"]
[Round "6.2"]
[White "Nemec, Jachym"]
[Black "Seemann, Jakub"]
[Result "0-1"]
[ECO "B90"]
[WhiteElo "1927"]
[BlackElo "2017"]
[Annotator "NA"]
[PlyCount "60"]
[EventDate "2019.07.11"]
[EventType "swiss"]
[EventCountry "CZE"]
[SourceTitle "playchess.com"]
[Source "ChessBase"]
[SourceQuality "1"]
[WhiteTeam "Czech Republic"]
[BlackTeam "Poland"]
[WhiteTeamCountry "CZE"]
[BlackTeamCountry "POL"]
[TimeControl "40/5400+30:1800+30"]

1. e4 c5 2. Nf3 d6 3. d4 cxd4 4. Nxd4 Nf6 5. Nc3 a6 6. h3 e5 7. Nde2 h5 8. Bg5 Be6 9. Bxf6 Qxf6 10. Nd5 Qd8 11. Qd3 Nd7 12. Nec3 g6 13. O-O-O Rc8 14. Be2 b5 15. Qf3 Bh6+ 16. Kb1 O-O 17. g4 h4 18. Rhg1 Bg5 19. Ne3 Rxc3 20. bxc3 Qa5 21. Rd5 Qa3 22. c4 Qb4+ 23. Ka1 Qc3+ 24. Kb1 bxc4 25. Bxc4 Bxe3 26. Bb3 Bxd5 27. Bxd5 Qb4+ 28. Bb3 Bd4 29. Rd1 a5 30. a4 Nc5 0-1

[Event "EYTCC U12 Open 2019"]
[Site "Pardubice"]
[Date "2019.07.16"]
[Round "6.3"]
[White "Meers, Hubert"]
[Black "Brozka, Karel"]
[Result "1/2-1/2"]
[ECO "B16"]
[WhiteElo "2141"]
[BlackElo "1816"]
[Annotator "NA"]
[PlyCount "97"]
[EventDate "2019.07.11"]
[EventType "swiss"]
[EventCountry "CZE"]
[SourceTitle "playchess.com"]
[Source "ChessBase"]
[SourceQuality "1"]
[WhiteTeam "Poland"]
[BlackTeam "Czech Republic"]
[WhiteTeamCountry "POL"]
[BlackTeamCountry "CZE"]
[TimeControl "40/5400+30:1800+30"]

1. e4 c6 2. d4 d5 3. Nd2 dxe4 4. Nxe4 Nf6 5. Nxf6+ gxf6 6. c3 Bf5 7. Nf3 Qc7 8. Bc4 Nd7 9. Nh4 Bg6 10. f4 Nb6 11. Bb3 Be4 12. Qe2 f5 13. Nf3 Nd5 14. Ng5 e6 15. Nxe4 fxe4 16. Qxe4 O-O-O 17. Bd2 Bd6 18. g3 Kb8 19. O-O-O Nf6 20. Qf3 h5 21. f5 e5 22. dxe5 Bxe5 23. Rhe1 Rhe8 24. Bg5 Rxd1+ 25. Qxd1 Ng4 26. Qd2 f6 27. Bf4 Rd8 28. Bxe5 Nxe5 29. Qe2 Nd3+ 30. Kc2 Nxe1+ 31. Qxe1 Qd6 32. Qe2 h4 33. gxh4 Qf4 34. Be6 Qxh4 35. Kb3 Qf4 36. Qg2 a5 37. Qg7 Qe5 38. a4 Rd2 39. h4 b5 40. Qg8+ Ka7 41. Qg1+ Kb7 42. Qg7+ Kb6 43. Qg1+ c5 44. axb5 Qe4 45. Qc1 Qe3 46. Qh1 a4+ 47. Ka3 Rd6 48. Qa8 Kxb5 49. Qb7+ 1/2-1/2